 Dungeon Crawl Stone Soup version 0.29-a0-284-gf9362112df (webtiles) character file.

Game seed: 13969858212857744025

1064 siradein the Skirmisher (level 8, -5/70 HPs)
             Began as a Ghoul Monk on Mar 17, 2022.
             Was a Believer of Makhleb.
             Slain by an ogre
             ... wielding a +0 giant club
              (22 damage)
             ... on level 4 of the Dungeon.
             The game lasted 00:10:20 (6270 turns).

siradein the Skirmisher (Ghoul Monk)                Turns: 6270, Time: 00:10:20

Health: -5/70      AC: 13    Str: 23    XL:     8   Next: 27%
Magic:  7/7        EV:  9    Int:  5    God:    Makhleb [**....]
Gold:   213        SH:  0    Dex: 11    Spells: 7/7 levels left

rFire   . . .      SeeInvis .   f - +7 dagger "Tudatud" {venom, rC+}
rCold   + + .      Faith    .   (no shield)
rNeg    + + +      Spirit   .   n - +0 chain mail
rPois   ∞          Reflect  .   t - +1 helmet
rElec   .          Harm     .   q - +0 cloak
rCorr   .          Rampage  .   y - +0 pair of gloves
Will    .....                   (no boots)
Stlth   ..........              (no amulet)
HPRegen 0.00/turn               e - +6 ring of strength
MPRegen 0.10/turn               (no ring)

@: inhibited regen
A: claws 1, cold resistance 1, negative energy resistance 3, inhibited
regeneration, torment resistance 2
a: Renounce Religion, Minor Destruction


You were on level 4 of the Dungeon.
You worshipped Makhleb.
Makhleb was pleased with you.
You visited 2 branches of the dungeon, and saw 6 of its levels.

You collected 252 gold pieces.
You spent 39 gold pieces at shops.

Inventory:

Hand Weapons
 a - a +0 mace
 f - the +7 dagger "Tudatud" (weapon) {venom, rC+}
   (You found it on level 2 of the Dungeon)

   It poisons the flesh of those it strikes.
   rC:        It protects you from cold.
 i - the +4 hand axe of the Volcano {flame, rPois Int+2}
   (You found it on level 2 of the Dungeon)

   It burns those it strikes, dealing additional fire damage.
   Big, fiery blades are also staple armaments of hydra-hunters.
   Int:       It affects your intelligence (+2).
   rPois:     It protects you from poison.
Missiles
 s - 2 throwing nets (quivered)
Armour
 n - a +0 chain mail (worn)
 q - a +0 cloak (worn)
 t - a +1 helmet (worn)
 y - a +0 pair of gloves (worn)
Jewellery
 e - a +6 ring of strength (left hand)
Wands
 o - a wand of acid (7)
 p - a wand of polymorph (9)
 r - a wand of charming (3)
 D - a wand of mindburst (14)
Scrolls
 h - 5 scrolls of identify {unknown}
 j - 2 scrolls of fog {unknown}
 k - a scroll of enchant weapon {unknown}
 l - 3 scrolls of fear {unknown}
 m - a scroll of acquirement {unknown}
 u - 2 scrolls of teleportation {unknown}
 w - a scroll of summoning {unknown}
 x - 2 scrolls of immolation {unknown}
 z - a scroll of enchant armour {unknown}
 A - a scroll of amnesia {unknown}
Potions
 b - 3 potions of lignification {unknown}
 c - 2 potions of ambrosia
 d - 2 potions of cancellation {unknown}
 g - 2 potions of curing
 v - a potion of flight {unknown}
 B - 2 potions of haste {unknown}
 C - a potion of might {unknown}


   Skills:
 + Level 6.2 Fighting
 + Level 5.2 Maces & Flails
 + Level 3.5 Armour
 + Level 5.1 Dodging
 - Level 2.1 Stealth
 + Level 0.1 Invocations


You had 7 spell levels left.
You didn't know any spells.
Your spell library was empty.

Dungeon Overview and Level Annotations

Branches:
Dungeon (5/15)             Temple (1/1) D:5

Altars:
Ashenzari
Cheibriados
Dithmenos
Elyvilon
Fedhas
Hepliaklqana
Makhleb
Nemelex Xobeh
Okawaru
Qazlal
Ru
Uskayaw
Vehumet
Xom
Yredelemnul
Zin

Shops:
D:2 !   D:4 (


Innate Abilities, Weirdness & Mutations

You thrive by killing the living.
You are immune to poison.
You have sharp fingernails.
Your flesh is cold resistant. (rC+)
You are immune to negative energy. (rN+++)
You do not regenerate when monsters are visible.
You are immune to unholy pain and torment.


Message History

You hit the hound but do no damage.
The hound looks as sick as possible!
The hound is heavily wounded.
The hound bites you. The hound closely misses you.
You hit the hound.
You kill the hound!
Makhleb accepts your kill.
You feel better.
No target in view!
No target in view!
You start resting.
HP restored.
Okay, then.
You climb downwards.
The ogre hits you with a +0 giant club!
There is a stone staircase leading up here.
The ogre hits you with a +0 giant club! The orc hits you but does no damage.
The orc priest calls down the wrath of Beogh upon you.
Beogh smites you!
You climb upwards.
There is a stone staircase leading down here.
The ogre barely misses you.
You see here a hound corpse.
The orc attacks as you move away! The orc hits you with a +0 falchion.
You hit the orc.
The orc is heavily wounded.
The orc barely misses you.
You hit the orc.
You kill the orc!
Makhleb accepts your kill.
You feel better.
You puncture the ogre!
The ogre is poisoned.
The ogre is moderately wounded.
The ogre hits you with a +0 giant club.
You barely miss the ogre.
The ogre is moderately wounded.
The ogre hits you with a +0 giant club!
* * * LOW HITPOINT WARNING * * *
Things that are here:
a +0 falchion; a +0 leather armour The ogre hits you with a +0 giant club!!
You die...

.........###...#
#........###.#.#
#........#.....#
........##.##..#
...........#...#
........##.#.#>###
.............#.†.#
....##.......#.#)#
..#.##.#######.#@#
..#.##.# #.....O.#
#.#.##.# #.###.#.#
..#....###.#...#.#
######.....#.#####
#.#####.#
#.......#
#########


You could see an ogre (very poisoned).

Vanquished Creatures
  Pikel (D:5)
  A steam dragon (D:4)
  A black bear (D:5)
  A lemure (D:5)
  A jelly (D:5)
  A hound (D:4)
  An iguana (D:4)
  Ijyb (D:3)
  Natasha (twice) (D:3)
  Robin (D:3)
  6 adders
  3 gnolls (D:4)
  2 worms
  5 dart slugs
  3 orcs (D:4)
  10 ball pythons
  5 bats
  9 endoplasms
  4 giant cockroaches
  10 goblins
  13 hobgoblins
  7 jackals
  5 quokkas
  6 frilled lizards
  3 kobolds
  10 rats
112 creatures vanquished.

Vanquished Creatures (others)
  A plant (D:2)
1 creature vanquished.

Grand Total: 113 creatures vanquished

Notes
Turn   | Place    | Note
-------+----------+-------------------------------------------
     0 | D:1      | siradein the Ghoul Monk began the quest for the Orb.
     0 | D:1      | Reached XP level 1. HP: 19/19 MP: 0/0
   412 | D:1      | Reached XP level 2. HP: 13/26 MP: 1/1
  1093 | D:1      | Found a faded altar of an unknown god.
  1120 | D:1      | Reached XP level 3. HP: 30/33 MP: 2/2
  2059 | D:2      | Reached skill level 4 in Fighting
  2059 | D:2      | Reached XP level 4. HP: 20/40 MP: 3/3
  2059 | D:2      | Identified the +7 dagger "Tudatud" {venom, rC+}
  2257 | D:2      | Found Cavikamn's Distillery.
  2273 | D:2      | Bought a potion of curing for 39 gold pieces
  2315 | D:2      | Identified the +4 hand axe of the Volcano {flame, rPois
                  | Int+2}
  3297 | D:3      | Noticed Ijyb
  3297 | D:3      | Noticed Natasha
  3320 | D:3      | Killed Natasha
  3321 | D:3      | Reached XP level 5. HP: 39/47 MP: 4/4
  3326 | D:3      | Killed Ijyb
  3385 | D:3      | Noticed Natasha
  3401 | D:3      | Killed Natasha
  3402 | D:3      | Reached skill level 1 in Armour
  4042 | D:3      | Noticed Robin
  4049 | D:3      | Killed Robin
  4313 | D:4      | Noticed a steam dragon
  4563 | D:4      | Killed a steam dragon
  4564 | D:4      | Reached skill level 5 in Fighting
  4564 | D:4      | Reached XP level 6. HP: 5/56 MP: 5/5
  4937 | D:4      | Found Weloaro's Weapon Boutique.
  5223 | D:4      | Reached XP level 7. HP: 10/61 MP: 6/6
  5607 | D:5      | Entered Level 5 of the Dungeon
  5613 | D:5      | Noticed Pikel
  5639 | D:5      | Killed Pikel
  5640 | D:5      | Reached skill level 6 in Fighting
  5640 | D:5      | Reached skill level 5 in Maces & Flails
  5640 | D:5      | Reached skill level 5 in Dodging
  5640 | D:5      | Reached XP level 8. HP: 54/70 MP: 7/7
  5790 | D:5      | Found a staircase to the Ecumenical Temple.
  5807 | Temple   | Entered the Ecumenical Temple
  6172 | Temple   | Became a worshipper of Makhleb the Destroyer
  6172 | Temple   | Reached * piety under Makhleb
  6172 | Temple   | Reached ** piety under Makhleb
  6270 | D:4      | Slain by an ogre

Illustrated notes

Levels and vault maps discovered:
D:1:      wander_arrival_estate, layout_basic, basic_ecumenical_altar
D:2:      layout_basic, serial_shops, shop, chequers_big_river,
          minmay_tromino_i4
D:3:      layout_basic, minmay_misc_feat_room, uniq_ijyb, uniq_natasha,
          uniq_robin
D:4:      layout_basic, serial_shops, nicolae_shop_bloodbath_and_beyond,
          minmay_vboxes
D:5:      layout_basic, minmay_temple_entry_junction, serial_shops, shop,
          feat_on_display, uniq_pikel, uniq_menkaure, uniq_eustachio
Temple:   mainiacjoe_temple_trianglar_array

Skill      XL: |  1  2  3  4  5  6  7 |
---------------+----------------------+-----
Maces & Flails | 3 4 5 |  5.2
Dodging        | 3 4 5 |  5.1
Fighting       | 4 5 6 |  6.2
Armour         | 1 2 3 |  3.5
Stealth        | |  2.1
Invocations    | |  0.1

Action                   |  1- 3 |  4- 6 |  7- 9 || total
-------------------------+-------+-------+-------++-------
Melee: Mace              |   122 |       |       ||   122
       Punch             |     2 |     2 |       ||     4
       Dagger            |       |   162 |    55 ||   217
 Stab: Sleeping          |     6 |     6 |       ||    12
Armor: Robe              |    30 |     4 |       ||    34
       Leather armour    |       |     8 |       ||     8
       Chain mail        |       |    50 |    30 ||    80
Dodge: Dodged            |    75 |   100 |    23 ||   198

Table legend: (Time is in decaauts)
 A = Elapsed time spent in this place.
 B = Non-inter-level travel time spent in this place.
 C = Inter-level travel time spent in this place.
 D = Time resting spent in this place.
 E = Time spent auto-exploring this place.
 F = Levels seen in this place.
 G = Mean time per level.
                   A        B        C        D        E       F      G
               +--------+--------+--------+--------+--------+-----+--------+
         Total |   6318 |   6172 |    146 |   1155 |   4030 |   6 | 1053.0 |
       Dungeon |   5909 |   5790 |    119 |   1155 |   3675 |   5 | 1181.8 |
        Temple |    408 |    381 |     27 |      0 |    355 |   1 |  408.0 |
               +--------+--------+--------+--------+--------+-----+--------+

Top non-repeatable levels by time:
     D:1: 1944 daAuts
     D:3: 1474 daAuts
     D:4: 1343 daAuts
     D:2: 911 daAuts
  Temple: 408 daAuts
     D:5: 235 daAuts
